[Event "FRA-ch Youth U20W 2019"]
[Site "Hyeres"]
[Date "2019.04.19"]
[Round "7.6"]
[White "Fromherz, Audrey"]
[Black "Guigue, Marie-Celine"]
[Result "1-0"]
[ECO "C70"]
[WhiteElo "1531"]
[BlackElo "1338"]
[Annotator "NA"]
[PlyCount "100"]
[EventDate "2019.04.14"]
[EventType "swiss"]
[EventCountry "FRA"]
[SourceTitle "playchess.com"]
[Source "ChessBase"]
[SourceQuality "1"]
[TimeControl "5400+30"]

1. e4 e5 2. Nf3 Nc6 3. Bb5 a6 4. Ba4 b5 5. Bb3 Na5 6. O-O d6 7. d4 Nxb3 8. axb3 Bg4 9. dxe5 Bxf3 10. Qxf3 dxe5 11. Nc3 Nf6 12. Qf5 Bd6 13. Bg5 Qd7 14. Bxf6 gxf6 15. Qxf6 O-O 16. Ne2 Rfe8 17. Ng3 Qg4 18. Nf5 Qg6 19. Qh4 Kh8 20. f3 Rg8 21. Qg3 h5 22. Qh3 Qh7 23. Ng3 Rg5 24. Rfd1 Qg6 25. Rd2 Kh7 26. Nf5 a5 27. Rd5 Rg8 28. Nh4 Qe6 29. Qxe6 fxe6 30. Rxb5 Be7 31. Kf2 R5g7 32. g3 Bxh4 33. gxh4 Rg2+ 34. Ke3 Rxc2 35. Rxe5 Rxb2 36. Rxh5+ Kg6 37. Raxa5 Rxb3+ 38. Kf2 Rb2+ 39. Kg3 Kf6+ 40. Rhg5 Re8 41. Rac5 Re7 42. h5 Rb8 43. Rg6+ Kf7 44. f4 Rh8 45. Kg4 Ke8 46. Kg5 Kd7 47. f5 exf5 48. exf5 Re2 49. Rg7+ Kd6 50. Rcxc7 Rxh2 1-0

[Event "FRA-ch Youth U20W 2019"]
[Site "Hyeres"]
[Date "2019.04.20"]
[Round "8.1"]
[White "Guigue, Marie-Celine"]
[Black "Aouachria, Marwa"]
[Result "0-1"]
[ECO "B53"]
[WhiteElo "1338"]
[BlackElo "1738"]
[Annotator "NA"]
[PlyCount "58"]
[EventDate "2019.04.14"]
[EventType "swiss"]
[EventCountry "FRA"]
[SourceTitle "playchess.com"]
[Source "ChessBase"]
[SourceQuality "1"]
[TimeControl "5400+30"]

1. e4 c5 2. Nf3 d6 3. d4 cxd4 4. Qxd4 Bd7 5. Nc3 Nc6 6. Qd3 g6 7. Be3 Bg7 8. Be2 Rc8 9. O-O Nf6 10. a3 O-O 11. Qd2 Ng4 12. Bg5 h6 13. Bh4 Kh7 14. h3 Nf6 15. Rab1 Be6 16. Rfd1 Qa5 17. Bg3 a6 18. Nd5 Nxe4 19. Qxa5 Nxa5 20. Nxe7 Rce8 21. Nd5 Nxg3 22. fxg3 Bxd5 23. Rxd5 Rxe2 24. Rxa5 Rxc2 25. b3 Re8 26. Re1 Rxe1+ 27. Nxe1 Rc1 28. Kf2 Bc3 29. Nd3 Rc2+ 0-1

[Event "FRA-ch Youth U20W 2019"]
[Site "Hyeres"]
[Date "2019.04.20"]
[Round "8.2"]
[White "Pigeat, Typhaine"]
[Black "Fretel, Liza"]
[Result "0-1"]
[ECO "B30"]
[WhiteElo "1742"]
[BlackElo "1892"]
[Annotator "NA"]
[PlyCount "78"]
[EventDate "2019.04.14"]
[EventType "swiss"]
[EventCountry "FRA"]
[SourceTitle "playchess.com"]
[Source "ChessBase"]
[SourceQuality "1"]
[TimeControl "5400+30"]

1. e4 c5 2. Nf3 Nc6 3. Bb5 Nf6 4. Bxc6 dxc6 5. d3 Bg4 6. h3 Bh5 7. O-O Qc7 8. Be3 c4 9. Nbd2 cxd3 10. cxd3 e6 11. Qc2 h6 12. a3 Bd6 13. b4 O-O 14. Qc3 Be7 15. Rae1 Rfd8 16. Ne5 Nd7 17. Nxd7 Rxd7 18. d4 a5 19. Rb1 axb4 20. axb4 Be2 21. Rfe1 Bb5 22. e5 Qd8 23. f4 Ra4 24. Nf3 Qa8 25. g4 b6 26. Kf2 Ra3 27. Rb3 Rda7 28. Reb1 Rxb3 29. Rxb3 Ra1 30. Kg3 Qa2 31. Rb2 Qd5 32. Qd2 Ra3 33. Ne1 Qe4 34. Nc2 Rd3 35. Qf2 Rd1 36. Ne1 Qd5 37. Nf3 Rf1 38. Qg2 Rxf3+ 39. Qxf3 Bh4+ 0-1

[Event "FRA-ch Youth U20W 2019"]
[Site "Hyeres"]
[Date "2019.04.20"]
[Round "8.3"]
[White "Milroy, Melena"]
[Black "Aubert, Laurane"]
[Result "1/2-1/2"]
[ECO "B23"]
[WhiteElo "1720"]
[BlackElo "1953"]
[Annotator "NA"]
[PlyCount "121"]
[EventDate "2019.04.14"]
[EventType "swiss"]
[EventCountry "FRA"]
[SourceTitle "playchess.com"]
[Source "ChessBase"]
[SourceQuality "1"]
[TimeControl "5400+30"]

1. e4 c5 2. Nc3 Nc6 3. Bb5 Nd4 4. Bc4 e6 5. d3 Nf6 6. f4 d5 7. Bb3 b5 8. e5 Nd7 9. Nf3 Rb8 10. Nxd4 cxd4 11. Ne2 Qb6 12. O-O a5 13. a3 g6 14. Qe1 Be7 15. Kh1 b4 16. axb4 axb4 17. Qf2 Bc5 18. Bd2 O-O 19. Qg3 Qc7 20. Ng1 f6 21. Nf3 Bb7 22. Qh3 Rbe8 23. Rae1 Bc8 24. Qg3 Nb8 25. f5 exf5 26. Bxd5+ Be6 27. Bxe6+ Rxe6 28. Bf4 Qb7 29. exf6 Rexf6 30. Be5 R6f7 31. Nxd4 Bxd4 32. Bxd4 Nc6 33. Bc5 Rd8 34. Rf3 Qb5 35. Bf2 Qd5 36. Rfe3 Qd7 37. Re6 Re7 38. Rxe7 Nxe7 39. Bc5 Nc6 40. Qh4 b3 41. Qc4+ Qf7 42. cxb3 Qxc4 43. dxc4 Rd3 44. h3 Rxb3 45. Ba3 Kf7 46. Kg1 h6 47. Kf2 g5 48. Re3 Rb7 49. Re2 Rb3 50. Re3 Rb8 51. Ke2 f4 52. Rd3 Rb7 53. b4 Ne5 54. Rc3 Ke6 55. b5 h5 56. Bb2 g4 57. hxg4 hxg4 58. Rc2 f3+ 59. gxf3 gxf3+ 60. Ke3 Nxc4+ 61. Rxc4 1/2-1/2

[Event "FRA-ch Youth U20W 2019"]
[Site "Hyeres"]
[Date "2019.04.20"]
[Round "8.4"]
[White "Bellahcene, Anissa"]
[Black "Fromherz, Audrey"]
[Result "0-1"]
[ECO "B22"]
[WhiteElo "1816"]
[BlackElo "1531"]
[Annotator "NA"]
[PlyCount "106"]
[EventDate "2019.04.14"]
[EventType "swiss"]
[EventCountry "FRA"]
[SourceTitle "playchess.com"]
[Source "ChessBase"]
[SourceQuality "1"]
[TimeControl "5400+30"]

1. e4 c5 2. c3 d5 3. exd5 Qxd5 4. d4 Nc6 5. Nf3 Bg4 6. Be2 e6 7. Bf4 Nf6 8. Na3 a6 9. Nc2 cxd4 10. Ncxd4 Nxd4 11. Qxd4 Qxd4 12. Nxd4 Bxe2 13. Kxe2 Be7 14. Rad1 O-O 15. Nb3 Rfd8 16. Na5 Nd5 17. Bg3 Rac8 18. Nxb7 Rd7 19. Na5 Rxc3 20. Rc1 Rxc1 21. Rxc1 f6 22. Rc6 e5 23. Rxa6 Nb4 24. Ra8+ Kf7 25. a3 Nd3 26. b4 Nc1+ 27. Ke1 Na2 28. Rc8 Nxb4 29. Rc3 Na2 30. Rc2 Nb4 31. Rd2 Nd3+ 32. Ke2 e4 33. Nc4 Ra7 34. Nd6+ Bxd6 35. Bxd6 Ke6 36. Bf8 Rf7 37. Bb4 Nxb4 38. axb4 Rb7 39. Rd4 Ke5 40. Ke3 f5 41. Rc4 f4+ 42. Kd2 g6 43. Kc3 Rd7 44. Rc5+ Ke6 45. b5 e3 46. Rc4 exf2 47. Rxf4 Rf7 48. b6 Rxf4 49. b7 f1=Q 50. b8=Q Qc1+ 51. Kd3 Qc4+ 52. Kd2 Rd4+ 53. Ke1 Qc3+ 0-1

[Event "FRA-ch Youth U20W 2019"]
[Site "Hyeres"]
[Date "2019.04.20"]
[Round "8.6"]
[White "Sonet, Sandy"]
[Black "Azan, Sarah"]
[Result "1-0"]
[ECO "D45"]
[WhiteElo "1616"]
[BlackElo "1349"]
[Annotator "NA"]
[PlyCount "97"]
[EventDate "2019.04.14"]
[EventType "swiss"]
[EventCountry "FRA"]
[SourceTitle "playchess.com"]
[Source "ChessBase"]
[SourceQuality "1"]
[TimeControl "5400+30"]

1. d4 d5 2. c4 c6 3. Nf3 Nf6 4. Qc2 e6 5. e3 Be7 6. Nc3 O-O 7. Bd3 dxc4 8. Bxc4 b5 9. Bd3 a6 10. O-O Nbd7 11. Rd1 Bb7 12. Ng5 g6 13. Nge4 Qb6 14. Nxf6+ Nxf6 15. Ne4 Nxe4 16. Bxe4 Rac8 17. Qe2 Rfd8 18. b3 c5 19. Bxb7 Qxb7 20. dxc5 Rxd1+ 21. Qxd1 Rxc5 22. Bb2 Rg5 23. g3 h5 24. Qd4 f6 25. Rc1 Rg4 26. Qc3 Qf3 27. Qc8+ Kf7 28. Qd7 Qd5 29. Rc7 Qxd7 30. Rxd7 a5 31. Bd4 Ke8 32. Ra7 Bd8 33. Ra8 Kd7 34. f3 Rxd4 35. exd4 Bb6 36. Kf1 Ke7 37. Ke2 Bxd4 38. Rxa5 b4 39. Rb5 Bc3 40. Kd3 Be1 41. Kc4 Kd6 42. Rb6+ Ke5 43. Rb5+ Kd6 44. f4 Kc6 45. Rxb4 Bxb4 46. Kxb4 Kb6 47. Kc4 g5 48. fxg5 fxg5 49. Kd4 1-0

[Event "FRA-ch Youth U20W 2019"]
[Site "Hyeres"]
[Date "2019.04.21"]
[Round "9.2"]
[White "Fretel, Liza"]
[Black "Milroy, Melena"]
[Result "1-0"]
[ECO "B01"]
[WhiteElo "1892"]
[BlackElo "1720"]
[Annotator "NA"]
[PlyCount "83"]
[EventDate "2019.04.14"]
[EventType "swiss"]
[EventCountry "FRA"]
[SourceTitle "playchess.com"]
[Source "ChessBase"]
[SourceQuality "1"]
[TimeControl "5400+30"]

1. e4 d5 2. exd5 Nf6 3. Nf3 Qxd5 4. d4 Bg4 5. Be2 Nc6 6. c4 Qh5 7. d5 O-O-O 8. Qa4 Nb8 9. Qxa7 e5 10. Nc3 e4 11. Nd4 Bxe2 12. Ndxe2 Qg4 13. Rg1 Nfd7 14. Be3 Ne5 15. b3 Nd3+ 16. Kd2 f5 17. f3 Qh4 18. fxe4 fxe4 19. Qd4 Bc5 20. Qxe4 Bxe3+ 21. Qxe3 Nf2 22. Qf4 Qxf4+ 23. Nxf4 Ng4 24. h3 Nf6 25. Ne6 Rd7 26. Nb5 Na6 27. Kc2 c6 28. dxc6 Nb4+ 29. Kc3 Nxc6 30. Rad1 Re7 31. Rge1 Kb8 32. Nd6 Ne8 33. Nf5 Rf7 34. Nfd4 Nc7 35. Nxc6+ bxc6 36. Rd6 Re8 37. Rxc6 Rf6 38. Rxc7 Rfxe6 39. Rxe6 Rxe6 40. Rxg7 Re2 41. Rxh7 Rxg2 42. a4 1-0

[Event "FRA-ch Youth U20W 2019"]
[Site "Hyeres"]
[Date "2019.04.21"]
[Round "9.4"]
[White "Guigue, Marie-Celine"]
[Black "Sonet, Sandy"]
[Result "0-1"]
[ECO "B03"]
[WhiteElo "1338"]
[BlackElo "1616"]
[Annotator "NA"]
[PlyCount "40"]
[EventDate "2019.04.14"]
[EventType "swiss"]
[EventCountry "FRA"]
[SourceTitle "playchess.com"]
[Source "ChessBase"]
[SourceQuality "1"]
[TimeControl "5400+30"]

1. e4 Nf6 2. e5 Nd5 3. d4 d6 4. c4 Nb6 5. f4 dxe5 6. fxe5 Bf5 7. Nc3 e6 8. Nf3 Nc6 9. a3 Be7 10. Be2 f6 11. d5 Nxe5 12. Nxe5 fxe5 13. O-O Bc5+ 14. Kh1 O-O 15. b3 Bd4 16. g4 Bg6 17. Rxf8+ Qxf8 18. Bb2 Qf2 19. Qf1 Qe3 20. Qe1 Be4+ 0-1

[Event "FRA-ch Youth U20W 2019"]
[Site "Hyeres"]
[Date "2019.04.21"]
[Round "9.5"]
[White "Budak, Lori"]
[Black "Bellahcene, Anissa"]
[Result "0-1"]
[ECO "C55"]
[WhiteElo "1679"]
[BlackElo "1816"]
[Annotator "NA"]
[PlyCount "104"]
[EventDate "2019.04.14"]
[EventType "swiss"]
[EventCountry "FRA"]
[SourceTitle "playchess.com"]
[Source "ChessBase"]
[SourceQuality "1"]
[TimeControl "5400+30"]

1. e4 e5 2. Nf3 Nc6 3. Bc4 Be7 4. O-O Nf6 5. d3 d6 6. c3 O-O 7. h3 Be6 8. Bxe6 fxe6 9. Qb3 Qc8 10. Ng5 d5 11. Nd2 h6 12. Ngf3 b6 13. Re1 d4 14. Qb5 dxc3 15. bxc3 Qd7 16. Nxe5 Nxe5 17. Qxe5 Bd6 18. Qd4 c5 19. Qc4 b5 20. Qb3 Bf4 21. Nf3 Nh5 22. Ba3 Bd6 23. Rad1 Nf4 24. Re3 Kh8 25. e5 Be7 26. Kh2 a5 27. c4 b4 28. Bc1 a4 29. Qc2 Qb7 30. Re4 Nxd3 31. Qxd3 Rad8 32. Nd4 Rxd4 33. Rxd4 cxd4 34. f3 Bc5 35. Bb2 Qf7 36. Re1 a3 37. Bc1 Rd8 38. Bd2 Qc7 39. f4 Be7 40. Rb1 Qa5 41. Qg6 Qb6 42. f5 Rf8 43. Qxe6 Qxe6 44. fxe6 Kg8 45. Bxb4 Rb8 46. Bxe7 Rxb1 47. Bxa3 d3 48. e7 Kf7 49. e6+ Ke8 50. c5 d2 51. c6 d1=Q 52. c7 Rc1 0-1

[Event "FRA-ch Youth U20W 2019"]
[Site "Hyeres"]
[Date "2019.04.21"]
[Round "9.6"]
[White "Ranguin, Anna"]
[Black "Azan, Sarah"]
[Result "1-0"]
[ECO "D66"]
[WhiteElo "1539"]
[BlackElo "1349"]
[Annotator "NA"]
[PlyCount "77"]
[EventDate "2019.04.14"]
[EventType "swiss"]
[EventCountry "FRA"]
[SourceTitle "playchess.com"]
[Source "ChessBase"]
[SourceQuality "1"]
[TimeControl "5400+30"]

1. d4 d5 2. c4 c6 3. Nf3 Nf6 4. Nc3 e6 5. Bg5 Be7 6. e3 Nbd7 7. cxd5 cxd5 8. Rc1 a6 9. Bd3 O-O 10. O-O Re8 11. Bb1 g6 12. Na4 b5 13. Nc5 Qb6 14. b4 Qb8 15. Qb3 Nb6 16. Ne5 Nc4 17. Nc6 Qd6 18. Nxe7+ Qxe7 19. Rfd1 e5 20. dxe5 Qxe5 21. Bxf6 Qxf6 22. Rxd5 Bg4 23. h3 Bxh3 24. gxh3 Qf3 25. e4 Qf4 26. Rcd1 f5 27. Rd7 Rf8 28. Ne6 Qh6 29. Nxf8 Rxf8 30. exf5 Qg5+ 31. Qg3 Qf6 32. fxg6 Ne5 33. gxh7+ Kh8 34. Rd8 Nf3+ 35. Kg2 Rxd8 36. Rxd8+ Qxd8 37. Qg8+ Qxg8+ 38. hxg8=Q+ Kxg8 39. Kxf3 1-0